Little Stars vs Rampage
(R2)
Created - May 16, 2021 at 20:40
Goals
|
Little Stars |
0 |
2 |
2 |
4 |
Rampage |
1 |
2 |
2 |
5 |
|
Shots
|
Little Stars |
10 |
19 |
7 |
36 |
Rampage |
15 |
7 |
8 |
30 |
|
1st period
1. Rampage , Lawson Crouse 1 (Max Friberg 2, Kyle Rau 4) at 14:49
Penalties :
Tucker Poolman (Tex) for Holding (Minor) at 7:01, Jesse Joensuu (Tex) for Tripping (Minor) at 17:32
2nd period
2. Little Stars , Eric Knodel 1 (Ilya Mikheyev 2, Evgeny Kuznetsov 2) at 6:01 (PP)
3. Rampage , Jeffrey Foss 1 (Martin Hanzal 3, Laurent Brossoit) at 11:52
4. Rampage , Jamie Oleksiak 1 (Victor Olofsson 1, Thomas Spelling 2) at 13:04
5. Little Stars , Sebastian Wannstrom 1 (Tyler Wotherspoon 1, Joakim Nygard 1) at 14:57
Penalties :
Jamie Oleksiak (San) for Slashing (Minor) at 5:26, Martin Hanzal (San) for Holding (Minor) at 15:08
3rd period
6. Rampage , Blake Pietila 3 (Martin Hanzal 4) at 4:49 (PP)
7. Little Stars , Jesse Joensuu 1 (Dana Tyrell 1) at 9:46 (PP)
8. Little Stars , Ilya Mikheyev 2 (Evgeny Kuznetsov 3, Patrick Wiercioch 2) at 10:43 (PP)
9. Rampage , Blake Pietila 4 (Martin Hanzal 5, Jeffrey Foss 3) at 11:26
Penalties :
Scott Kosmachuck (Tex) for Tripping (Minor) at 3:52, Ilya Mikheyev (Tex) for Roughing (Minor) at 6:53, Fredrik Olofsson (San) for Roughing (Double Minor) at 9:41, Michael Stone (San) for Hooking (Minor) at 11:35, Joe Morrow (San) for Tripping (Minor) at 16:33
Goalie Stats
Connor Knapp (Tex), 25 saves from 30 shots - (0.833), L, 0-2-0, 58:51 minutes
Laurent Brossoit (San), 32 saves from 36 shots - (0.889), W, 2-0-0, 60:00 minutes
Players Stats for Little Stars
Player Name G A P +/- PIM S H SB GA TA FO MP PP MP PK MP
------------------------------------------------------------------------------------
Adam Tambellini 0 0 0 -2 0 2 3 0 1 0 0/0 16:17 3:42 0:00
Anton Cederholm 0 0 0 -2 0 1 1 4 0 2 0/0 19:58 2:56 2:02
Dana Tyrell 0 1 1 0 0 2 5 0 0 1 17/44 24:12 3:52 4:24
Daniel O'regan 0 0 0 0 0 1 0 0 1 0 4/7 12:46 0:00 2:23
Eric Knodel 1 0 1 -2 0 1 1 2 0 1 0/0 19:58 2:56 2:02
Evgeny Kuznetsov 0 2 2 -2 0 5 0 2 0 0 3/8 18:07 3:42 1:26
Ilya Mikheyev 1 1 2 -2 2 2 1 0 2 1 1/1 16:20 3:42 0:00
Jesse Joensuu 1 0 1 0 2 1 0 0 1 2 1/4 23:05 3:52 2:47
Joakim Nygard 0 1 1 0 0 3 0 0 1 0 0/0 11:44 0:00 1:28
Michael Mersch 0 0 0 -1 0 2 1 0 0 0 0/0 6:14 0:00 0:00
Patrick Wiercioch 0 1 1 1 0 1 1 2 0 3 0/0 29:01 4:38 4:52
Reece Willcox 0 0 0 -2 0 0 1 4 0 0 0/0 11:01 0:00 0:00
Roman Horak 0 0 0 -1 0 1 0 1 0 0 1/1 6:19 0:00 0:05
Scott Kosmachuck 0 0 0 0 2 5 3 0 0 0 0/1 21:26 3:52 1:15
Sebastian Wannstrom 1 0 1 0 0 2 3 0 0 0 0/0 9:44 0:00 0:00
Tucker Poolman 0 0 0 -2 2 1 2 0 0 2 0/0 11:07 0:00 0:00
Tyler Wotherspoon 0 1 1 1 0 5 1 2 1 0 0/0 29:01 4:38 4:52
Zach Budish 0 0 0 -1 0 1 1 0 0 0 0/0 6:42 0:00 0:00
Players Stats for Rampage
Player Name G A P +/- PIM S H SB GA TA FO MP PP MP PK MP
------------------------------------------------------------------------------------
Alexandre Grenier 0 0 0 1 0 1 2 3 3 0 1/2 20:52 4:21 1:22
Anton Karlsson 0 0 0 0 0 0 1 0 0 0 0/0 9:52 0:00 0:00
Anton Lindholm 0 0 0 0 0 1 0 1 0 0 0/0 11:30 0:40 0:28
Blake Pietila 2 0 2 1 0 5 2 0 1 0 3/3 24:36 4:21 4:33
Cameron Darcy 0 0 0 0 0 1 0 0 0 0 4/6 9:57 0:01 0:00
Damon Severson 0 0 0 2 0 1 2 1 2 1 0/0 26:48 0:00 5:05
Fredrik Olofsson 0 0 0 1 4 0 2 0 0 0 0/0 7:54 0:00 0:00
Jamie Oleksiak 1 0 1 0 2 2 0 1 0 0 0/0 15:48 4:13 1:24
Jeffrey Foss 1 1 2 1 0 1 1 0 1 2 0/0 19:02 2:41 3:00
Joe Morrow 0 0 0 1 2 3 1 0 3 1 0/0 18:19 2:41 2:01
Kyle Rau 0 1 1 1 0 4 1 0 0 1 7/12 15:34 2:33 0:58
Lawson Crouse 1 0 1 1 0 1 2 0 0 0 0/0 16:07 2:32 1:36
Martin Hanzal 0 3 3 1 2 2 2 1 1 0 20/38 23:32 4:21 3:21
Matthew Highmore 0 0 0 1 0 1 1 0 0 1 1/2 7:55 0:00 0:00
Max Friberg 0 1 1 1 0 2 0 0 0 1 1/1 15:48 2:33 1:22
Michael Stone 0 0 0 2 2 1 4 1 0 0 0/0 29:04 3:33 3:10
Thomas Spelling 0 1 1 0 0 2 0 0 1 0 0/0 9:52 0:00 0:00
Victor Olofsson 0 1 1 1 0 2 0 0 0 0 2/2 9:51 0:00 1:56
3 Stars
1 - Blake Pietila (San)
2 - Jeffrey Foss (San)
3 - Martin Hanzal (San)
Power Play
Little Stars - 3 on 6 Attempt(s) - 50.00%
Rampage - 1 on 4 Attempt(s) - 25.00%
Penalty Kill
Little Stars - 3 on 4 Attempt(s) - 75.00%
- Score 0 goal in Penalty Kill
Rampage - 3 on 6 Attempt(s) - 50.00%
- Score 0 goal in Penalty Kill
Team Stat
Little Stars - Hits : 24 - Faceoff Wins : 27 - Blocked Shots : 17 - Penalty Minutes : 8
Rampage - Hits : 21 - Faceoff Wins : 39 - Blocked Shots : 8 - Penalty Minutes : 12
Official
Referees : Unknown
Linesman : Unknown
Game Notes
No Game Note
Finance
Level 1 -- Attendance: 1519 (75.95%) -- Ticket Income $60,760
Level 2 -- Attendance: 769 (76.90%) -- Ticket Income $15,380
Total Attendance: 2288 (76.27%)
Total Ticket Income: $76,140
Other Income: $3,807
Total Income: $79,947
Little Stars
5 vs 5 Forward
Center Left Wing Right Wing Time % Phy DF OF
1 Dana Tyrell Jesse Joensuu Scott Kosmachuck 40 1 2 2
2 Evgeny Kuznetsov Adam Tambellini Ilya Mikheyev 30 1 2 2
3 Daniel O'regan Joakim Nygard Sebastian Wannstrom 20 1 2 2
4 Roman Horak Michael Mersch Zach Budish 10 1 2 2
5 vs 5 Defense
Defense Defense Time % Phy DF OF
1 Tyler Wotherspoon Patrick Wiercioch 40 1 2 2
2 Anton Cederholm Eric Knodel 30 1 2 2
3 Tucker Poolman Reece Willcox 20 1 2 2
4 Tyler Wotherspoon Patrick Wiercioch 10 1 2 2
PowerPlay Forward
Center Left Wing Right Wing Time % Phy DF OF
1 Dana Tyrell Jesse Joensuu Scott Kosmachuck 60 0 2 3
2 Evgeny Kuznetsov Adam Tambellini Ilya Mikheyev 40 0 2 3
PowerPlay Defense
Defense Defense Time % Phy DF OF
1 Tyler Wotherspoon Patrick Wiercioch 60 0 2 3
2 Anton Cederholm Eric Knodel 40 0 2 3
Penalty Kill 4 Players Forward
Center Wing Time % Phy DF OF
1 Dana Tyrell Jesse Joensuu 60 0 3 2
2 Evgeny Kuznetsov Scott Kosmachuck 40 0 3 2
Penalty Kill 4 Players Defense
Defense Defense Time % Phy DF OF
1 Tyler Wotherspoon Patrick Wiercioch 60 0 3 2
2 Anton Cederholm Eric Knodel 40 0 3 2
Penalty Kill - 3 Players Forward
Forward Time % Phy DF OF
1 Dana Tyrell 60 0 3 2
2 Evgeny Kuznetsov 40 0 3 2
Penalty Kill - 3 Players Defense
Defense Defense Time % Phy DF OF
1 Tyler Wotherspoon Patrick Wiercioch 60 0 3 2
2 Anton Cederholm Eric Knodel 40 0 3 2
4 vs 4 Forward
Center Wing Time % Phy DF OF
1 Dana Tyrell Jesse Joensuu 60 0 2 3
2 Evgeny Kuznetsov Scott Kosmachuck 40 0 2 3
4 vs 4 Defense
Defense Defense Time % Phy DF OF
1 Tyler Wotherspoon Patrick Wiercioch 60 0 2 3
2 Anton Cederholm Eric Knodel 40 0 2 3
Last Minutes Offensive
Center Left Wing Right Wing Defense Defense
Dana Tyrell Jesse Joensuu Scott Kosmachuck Tyler Wotherspoon Patrick Wiercioch
Last Minutes Defensive
Center Left Wing Right Wing Defense Defense
Dana Tyrell Jesse Joensuu Scott Kosmachuck Tyler Wotherspoon Patrick Wiercioch
Goaltenders
Starting : Connor Knapp
Backup : Dustin Tokarski
Extra Forwards
Normal : Evgeny Kuznetsov, Adam Tambellini, Daniel O'regan - PP : Joakim Nygard, Michael Mersch - PK : Daniel O'regan
Extra Defensemen
Normal : Tucker Poolman, Anton Cederholm, Eric Knodel - PP : Tucker Poolman - PK : Anton Cederholm, Eric Knodel
Penalty Shots
Dana Tyrell, Evgeny Kuznetsov, Jesse Joensuu, Scott Kosmachuck, Adam Tambellini
Scratches
Lawrence Pilut (Healthy), Justin Auger (Healthy), Rudolfs Balcers (Healthy), Yakov Trenin (Healthy), Jean-Christophe Beaudin (Healthy)
Ville Pokka (Healthy), Daniil Tarasov (Healthy), Jason Dickinson (Healthy), Emile Poirier (Healthy), Shane Gersich (Healthy)
Radel Fazleev (Healthy), Julien Nantel (Healthy), Peter Delmas (Healthy)
Rampage
5 vs 5 Forward
Center Left Wing Right Wing Time % Phy DF OF
1 Martin Hanzal Blake Pietila Alexandre Grenier 40 1 2 2
2 Kyle Rau Lawson Crouse Max Friberg 30 1 2 2
3 Cameron Darcy Anton Karlsson Thomas Spelling 20 1 2 2
4 Matthew Highmore Fredrik Olofsson Victor Olofsson 10 1 2 2
5 vs 5 Defense
Defense Defense Time % Phy DF OF
1 Michael Stone Damon Severson 40 1 2 2
2 Jeffrey Foss Joe Morrow 30 1 2 2
3 Anton Lindholm Jamie Oleksiak 20 1 2 2
4 Michael Stone Damon Severson 10 1 2 2
PowerPlay Forward
Center Left Wing Right Wing Time % Phy DF OF
1 Martin Hanzal Blake Pietila Alexandre Grenier 60 1 2 2
2 Kyle Rau Lawson Crouse Max Friberg 40 1 2 2
PowerPlay Defense
Defense Defense Time % Phy DF OF
1 Michael Stone Jamie Oleksiak 60 1 2 2
2 Jeffrey Foss Joe Morrow 40 1 2 2
Penalty Kill 4 Players Forward
Center Wing Time % Phy DF OF
1 Martin Hanzal Blake Pietila 60 1 2 2
2 Alexandre Grenier Max Friberg 40 1 2 2
Penalty Kill 4 Players Defense
Defense Defense Time % Phy DF OF
1 Michael Stone Damon Severson 60 1 2 2
2 Jeffrey Foss Joe Morrow 40 1 2 2
Penalty Kill - 3 Players Forward
Forward Time % Phy DF OF
1 Martin Hanzal 60 1 2 2
2 Blake Pietila 40 1 2 2
Penalty Kill - 3 Players Defense
Defense Defense Time % Phy DF OF
1 Michael Stone Jamie Oleksiak 60 1 2 2
2 Jeffrey Foss Joe Morrow 40 1 2 2
4 vs 4 Forward
Center Wing Time % Phy DF OF
1 Martin Hanzal Blake Pietila 60 1 2 2
2 Alexandre Grenier Max Friberg 40 1 2 2
4 vs 4 Defense
Defense Defense Time % Phy DF OF
1 Jamie Oleksiak Damon Severson 60 1 2 2
2 Jeffrey Foss Joe Morrow 40 1 2 2
Last Minutes Offensive
Center Left Wing Right Wing Defense Defense
Martin Hanzal Blake Pietila Alexandre Grenier Michael Stone Damon Severson
Last Minutes Defensive
Center Left Wing Right Wing Defense Defense
Martin Hanzal Blake Pietila Alexandre Grenier Michael Stone Damon Severson
Goaltenders
Starting : Laurent Brossoit
Backup : Ebbe Siönäs
Extra Forwards
Normal : Cameron Darcy, Thomas Spelling, Victor Olofsson - PP : Cameron Darcy, Thomas Spelling - PK : Victor Olofsson
Extra Defensemen
Normal : Anton Lindholm, Joe Morrow, Jeffrey Foss - PP : Anton Lindholm - PK : Joe Morrow, Jeffrey Foss
Penalty Shots
Martin Hanzal, Blake Pietila, Alexandre Grenier, Max Friberg, Kyle Rau
Scratches
Jakub Zboril (Healthy), Eric Robinson (Healthy), Kevin Stenlund (Healthy), Zachary Senyshyn (Healthy), Austin Wuthrich (Healthy)
Louis Belpedio (Healthy), Nolan Vesey (Healthy), Vaclav Karabacek (Healthy), Kyle Pettit (Healthy), Dylan Sadowy (Healthy)
% Time on Ice - Little Stars
Lines # - Real PCT - Wanted PCT - Time Play
Normal Forward
1 - 34% - 40% - 14:53
2 - 30% - 30% - 13:27
3 - 22% - 20% - 9:44
4 - 14% - 10% - 6:14
Normal Defense
1 - 37% - 40% - 16:27
2 - 34% - 30% - 15:00
3 - 25% - 20% - 11:01
4 - 4% - 10% - 1:50
PP Forward
1 - 51% - 60% - 3:52
2 - 49% - 40% - 3:42
PP Defense
1 - 61% - 60% - 4:38
2 - 39% - 40% - 2:56
PK Forward
1 - 79% - 60% - 5:28
2 - 21% - 40% - 1:26
PK Defense
1 - 71% - 60% - 4:52
2 - 29% - 40% - 2:02
PK3 Forward
1 - 0% - 60%
2 - 0% - 40%
PK3 Defense
1 - 0% - 60%
2 - 0% - 40%
44 Forward
1 - 0% - 60%
2 - 0% - 40%
44 Defense
1 - 0% - 60%
2 - 0% - 40%
Last Minute Offensive - 1:14
Last Minute Defensive - 0:00
Total
Forward - 60:00
Defense - 60:00
|
% Time on Ice - Rampage
Lines # - Real PCT - Wanted PCT - Time Play
Normal Forward
1 - 33% - 40% - 14:38
2 - 27% - 30% - 11:53
3 - 22% - 20% - 9:52
4 - 18% - 10% - 7:55
Normal Defense
1 - 43% - 40% - 19:06
2 - 31% - 30% - 13:50
3 - 20% - 20% - 8:59
4 - 5% - 10% - 2:23
PP Forward
1 - 63% - 60% - 4:21
2 - 37% - 40% - 2:33
PP Defense
1 - 61% - 60% - 4:13
2 - 39% - 40% - 2:41
PK Forward
1 - 82% - 60% - 6:12
2 - 18% - 40% - 1:22
PK Defense
1 - 68% - 60% - 5:09
2 - 32% - 40% - 2:25
PK3 Forward
1 - 0% - 60%
2 - 0% - 40%
PK3 Defense
1 - 0% - 60%
2 - 0% - 40%
44 Forward
1 - 0% - 60%
2 - 0% - 40%
44 Defense
1 - 0% - 60%
2 - 0% - 40%
Last Minute Offensive - 0:00
Last Minute Defensive - 1:14
Total
Forward - 60:00
Defense - 60:00
|
Play-by-Play
1st period
0:01 of 1st period - Martin Hanzal wins face-off versus Dana Tyrell in neutral zone.
0:11 of 1st period - Slapshot by Patrick Wiercioch.
0:11 of 1st period - Stopped by Laurent Brossoit without a rebound.
0:12 of 1st period - Evgeny Kuznetsov wins face-off versus Kyle Rau in Rampage zone.
0:13 of 1st period - Wrist shot by Adam Tambellini.
0:13 of 1st period - Shot Misses the Net.
0:34 of 1st period - Icing by Anton Cederholm.
0:35 of 1st period - Cameron Darcy wins face-off versus Daniel O'regan in Little Stars zone.
0:44 of 1st period - Slapshot by Thomas Spelling.
0:44 of 1st period - Stopped by Connor Knapp with a rebound.
1:00 of 1st period - Tucker Poolman is hit by Martin Hanzal and loses puck.
1:21 of 1st period - Damon Severson is hit by Zach Budish and loses puck.
1:34 of 1st period - Joe Morrow is hit by Michael Mersch and loses puck.
1:45 of 1st period - Snap shot by Joe Morrow.
1:45 of 1st period - Shot Blocked by Reece Willcox.
1:51 of 1st period - Slapshot by Michael Stone.
1:51 of 1st period - Shot Misses the Net.
1:53 of 1st period - Wrist shot by Victor Olofsson.
1:53 of 1st period - Shot Blocked by Evgeny Kuznetsov.
1:55 of 1st period - Wrist shot by Damon Severson.
1:55 of 1st period - Shot Misses the Net.
1:57 of 1st period - Slapshot by Michael Stone.
1:57 of 1st period - Shot Misses the Net.
1:59 of 1st period - Slapshot by Anton Lindholm.
1:59 of 1st period - Stopped by Connor Knapp with a rebound.
2:25 of 1st period - Slapshot by Victor Olofsson.
2:25 of 1st period - Deflect By Fredrik Olofsson.
2:25 of 1st period - Shot Blocked by Reece Willcox.
2:25 of 1st period - Puck is out of play.
2:26 of 1st period - Dana Tyrell wins face-off versus Martin Hanzal in Little Stars zone.
2:30 of 1st period - Icing by Dana Tyrell.
2:31 of 1st period - Dana Tyrell wins face-off versus Martin Hanzal in Little Stars zone.
3:26 of 1st period - Snap shot by Kyle Rau.
3:26 of 1st period - Stopped by Connor Knapp with a rebound.
3:28 of 1st period - Slapshot by Michael Stone.
3:28 of 1st period - Shot Blocked by Anton Cederholm.
3:30 of 1st period - Snap shot by Kyle Rau.
3:30 of 1st period - Shot Blocked by Anton Cederholm.
3:42 of 1st period - Jeffrey Foss is hit by Dana Tyrell.
4:31 of 1st period - Wrist shot by Adam Tambellini.
4:31 of 1st period - Shot Misses the Net.
4:55 of 1st period - Jeffrey Foss is hit by Scott Kosmachuck.
6:26 of 1st period - Damon Severson is hit by Sebastian Wannstrom and loses puck.
7:01 of 1st period - Minor Penalty to Tucker Poolman for Holding.
7:02 of 1st period - Martin Hanzal wins face-off versus Jesse Joensuu in Little Stars zone.
7:02 of 1st period - Snap shot by Blake Pietila.
7:02 of 1st period - Shot Blocked by Tyler Wotherspoon.
7:34 of 1st period - Wrist shot by Max Friberg.
7:34 of 1st period - Shot Misses the Net.
9:01 of 1st period - Penalty to Tucker Poolman is over, Tucker Poolman is back on ice.
9:11 of 1st period - Michael Stone is hit by Reece Willcox and loses puck.
9:33 of 1st period - Slapshot by Damon Severson.
9:33 of 1st period - Deflect By Victor Olofsson.
9:33 of 1st period - Stopped by Connor Knapp without a rebound.
9:34 of 1st period - Matthew Highmore wins face-off versus Evgeny Kuznetsov in Little Stars zone.
9:41 of 1st period - Snap shot by Victor Olofsson.
9:41 of 1st period - Deflect By Matthew Highmore.
9:41 of 1st period - Stopped by Connor Knapp with a rebound.
9:49 of 1st period - Anton Lindholm is hit by Tyler Wotherspoon and loses puck.
10:02 of 1st period - Adam Tambellini is hit by Fredrik Olofsson.
10:16 of 1st period - Snap shot by Evgeny Kuznetsov.
10:16 of 1st period - Stopped by Laurent Brossoit with a rebound.
10:18 of 1st period - Backhand shot by Evgeny Kuznetsov.
10:18 of 1st period - Stopped by Laurent Brossoit without a rebound.
10:19 of 1st period - Dana Tyrell wins face-off versus Alexandre Grenier in Rampage zone.
10:37 of 1st period - Icing by Dana Tyrell.
10:38 of 1st period - Kyle Rau wins face-off versus Dana Tyrell in Little Stars zone.
10:49 of 1st period - Slapshot by Max Friberg.
10:49 of 1st period - Shot Misses the Net.
10:51 of 1st period - Slapshot by Joe Morrow.
10:51 of 1st period - Deflect By Anton Cederholm.
10:51 of 1st period - Stopped by Connor Knapp without a rebound.
10:52 of 1st period - Martin Hanzal wins face-off versus Daniel O'regan in Little Stars zone.
11:03 of 1st period - Slapshot by Alexandre Grenier.
11:03 of 1st period - Shot Misses the Net.
11:19 of 1st period - Tyler Wotherspoon is hit by Lawson Crouse and loses puck.
11:36 of 1st period - Slapshot by Joe Morrow.
11:36 of 1st period - Stopped by Connor Knapp with a rebound.
11:46 of 1st period - Slapshot by Evgeny Kuznetsov.
11:46 of 1st period - Stopped by Laurent Brossoit without a rebound.
11:47 of 1st period - Martin Hanzal wins face-off versus Dana Tyrell in Rampage zone.
11:52 of 1st period - Slapshot by Scott Kosmachuck.
11:52 of 1st period - Deflect By Alexandre Grenier.
11:52 of 1st period - Stopped by Laurent Brossoit with a rebound.
11:54 of 1st period - Snap shot by Scott Kosmachuck.
11:54 of 1st period - Stopped by Laurent Brossoit without a rebound.
11:55 of 1st period - Dana Tyrell wins face-off versus Martin Hanzal in Rampage zone.
11:56 of 1st period - Wrist shot by Jesse Joensuu.
11:56 of 1st period - Deflect By Dana Tyrell.
11:56 of 1st period - Stopped by Laurent Brossoit with a rebound.
12:02 of 1st period - Snap shot by Dana Tyrell.
12:02 of 1st period - Shot Misses the Net.
12:04 of 1st period - Snap shot by Jesse Joensuu.
12:04 of 1st period - Shot Misses the Net.
12:44 of 1st period - Jamie Oleksiak is hit by Eric Knodel.
13:24 of 1st period - Snap shot by Michael Mersch.
13:24 of 1st period - Shot Blocked by Jamie Oleksiak.
13:26 of 1st period - Slapshot by Roman Horak.
13:26 of 1st period - Stopped by Laurent Brossoit with a rebound.
13:30 of 1st period - Wrist shot by Michael Mersch.
13:30 of 1st period - Stopped by Laurent Brossoit without a rebound.
13:31 of 1st period - Kyle Rau wins face-off versus Evgeny Kuznetsov in Rampage zone.
14:13 of 1st period - Snap shot by Kyle Rau.
14:13 of 1st period - Stopped by Connor Knapp with a rebound.
14:31 of 1st period - Wrist shot by Max Friberg.
14:31 of 1st period - Stopped by Connor Knapp with a rebound.
14:43 of 1st period - Wrist shot by Lawson Crouse.
14:43 of 1st period - Shot Blocked by Anton Cederholm.
14:47 of 1st period - Snap shot by Max Friberg.
14:47 of 1st period - Shot Blocked by Eric Knodel.
14:49 of 1st period - Snap shot by Lawson Crouse.
14:49 of 1st period - Goal by Lawson Crouse - Little Stars : 0 - Rampage : 1.
14:50 of 1st period - Martin Hanzal wins face-off versus Dana Tyrell in neutral zone.
15:05 of 1st period - Wrist shot by Scott Kosmachuck.
15:05 of 1st period - Shot Misses the Net.
16:31 of 1st period - Off-side.
16:32 of 1st period - Evgeny Kuznetsov wins face-off versus Matthew Highmore in neutral zone.
16:35 of 1st period - Michael Stone is hit by Tucker Poolman and loses puck.
16:44 of 1st period - Evgeny Kuznetsov is hit by Matthew Highmore and loses puck.
16:57 of 1st period - Adam Tambellini is hit by Michael Stone and loses puck.
17:13 of 1st period - Wrist shot by Evgeny Kuznetsov.
17:13 of 1st period - Stopped by Laurent Brossoit without a rebound.
17:14 of 1st period - Martin Hanzal wins face-off versus Dana Tyrell in Rampage zone.
17:32 of 1st period - Minor Penalty to Jesse Joensuu for Tripping.
17:33 of 1st period - Dana Tyrell wins face-off versus Martin Hanzal in Little Stars zone.
18:29 of 1st period - Wrist shot by Kyle Rau.
18:29 of 1st period - Deflect By Max Friberg.
18:29 of 1st period - Stopped by Connor Knapp without a rebound.
18:30 of 1st period - Martin Hanzal wins face-off versus Daniel O'regan in Little Stars zone.
18:31 of 1st period - Wrist shot by Blake Pietila.
18:31 of 1st period - Shot Misses the Net.
18:33 of 1st period - Wrist shot by Joe Morrow.
18:33 of 1st period - Stopped by Connor Knapp without a rebound.
18:34 of 1st period - Daniel O'regan wins face-off versus Martin Hanzal in Little Stars zone.
18:47 of 1st period - Wrist shot by Martin Hanzal.
18:47 of 1st period - Stopped by Connor Knapp without a rebound.
18:48 of 1st period - Dana Tyrell wins face-off versus Martin Hanzal in Little Stars zone.
18:59 of 1st period - Wrist shot by Blake Pietila.
18:59 of 1st period - Stopped by Connor Knapp without a rebound.
19:00 of 1st period - Martin Hanzal wins face-off versus Dana Tyrell in Little Stars zone.
19:01 of 1st period - Wrist shot by Blake Pietila.
19:01 of 1st period - Shot Misses the Net.
19:03 of 1st period - Wrist shot by Blake Pietila.
19:03 of 1st period - Shot Misses the Net.
19:32 of 1st period - Penalty to Jesse Joensuu is over, Jesse Joensuu is back on ice.
19:53 of 1st period - Wrist shot by Victor Olofsson.
19:53 of 1st period - Shot Blocked by Tyler Wotherspoon.
19:55 of 1st period - Slapshot by Damon Severson.
19:55 of 1st period - Stopped by Connor Knapp without a rebound.
19:56 of 1st period - Daniel O'regan wins face-off versus Martin Hanzal in Little Stars zone.
19:56 of 1st period - Daniel O'regan is hit by Blake Pietila.
Goals for this period are 0 for Little Stars vs 1 for Rampage.
Shots for this period are 10 for Little Stars vs 15 for Rampage.
2nd period
0:01 of 2nd period - Martin Hanzal wins face-off versus Dana Tyrell in neutral zone.
0:05 of 2nd period - Off-side.
0:06 of 2nd period - Martin Hanzal wins face-off versus Dana Tyrell in neutral zone.
0:19 of 2nd period - Snap shot by Alexandre Grenier.
0:19 of 2nd period - Stopped by Connor Knapp without a rebound.
0:20 of 2nd period - Martin Hanzal wins face-off versus Dana Tyrell in Little Stars zone.
0:21 of 2nd period - Snap shot by Alexandre Grenier.
0:21 of 2nd period - Shot Misses the Net.
0:52 of 2nd period - Michael Stone is hit by Ilya Mikheyev and loses puck.
0:59 of 2nd period - Wrist shot by Ilya Mikheyev.
0:59 of 2nd period - Stopped by Laurent Brossoit without a rebound.
1:00 of 2nd period - Daniel O'regan wins face-off versus Martin Hanzal in Rampage zone.
1:11 of 2nd period - Slapshot by Daniel O'regan.
1:11 of 2nd period - Stopped by Laurent Brossoit without a rebound.
1:12 of 2nd period - Dana Tyrell wins face-off versus Martin Hanzal in Rampage zone.
1:13 of 2nd period - Snap shot by Scott Kosmachuck.
1:13 of 2nd period - Stopped by Laurent Brossoit without a rebound.
1:14 of 2nd period - Blake Pietila wins face-off versus Dana Tyrell in Rampage zone.
1:43 of 2nd period - Snap shot by Max Friberg.
1:43 of 2nd period - Shot Blocked by Evgeny Kuznetsov.
2:08 of 2nd period - Slapshot by Tyler Wotherspoon.
2:08 of 2nd period - Stopped by Laurent Brossoit without a rebound.
2:09 of 2nd period - Roman Horak wins face-off versus Martin Hanzal in Rampage zone.
2:18 of 2nd period - Wrist shot by Zach Budish.
2:18 of 2nd period - Shot Blocked by Alexandre Grenier.
2:20 of 2nd period - Wrist shot by Michael Mersch.
2:20 of 2nd period - Shot Misses the Net.
2:22 of 2nd period - Snap shot by Michael Mersch.
2:22 of 2nd period - Shot Blocked by Alexandre Grenier.
2:24 of 2nd period - Slapshot by Anton Cederholm.
2:24 of 2nd period - Stopped by Laurent Brossoit without a rebound.
2:25 of 2nd period - Kyle Rau wins face-off versus Jesse Joensuu in Rampage zone.
2:34 of 2nd period - Slapshot by Eric Knodel.
2:34 of 2nd period - Shot Misses the Net.
4:06 of 2nd period - Max Friberg is hit by Dana Tyrell and loses puck.
4:27 of 2nd period - Wrist shot by Alexandre Grenier.
4:27 of 2nd period - Shot Blocked by Reece Willcox.
5:00 of 2nd period - Zach Budish is hit by Jeffrey Foss and loses puck.
5:07 of 2nd period - Wrist shot by Victor Olofsson.
5:07 of 2nd period - Deflect By Fredrik Olofsson.
5:07 of 2nd period - Shot Blocked by Roman Horak.
5:07 of 2nd period - Puck is out of play.
5:08 of 2nd period - Martin Hanzal wins face-off versus Dana Tyrell in Little Stars zone.
5:26 of 2nd period - Minor Penalty to Jamie Oleksiak for Slashing.
5:27 of 2nd period - Martin Hanzal wins face-off versus Dana Tyrell in Rampage zone.
5:59 of 2nd period - Wrist shot by Ilya Mikheyev.
5:59 of 2nd period - Shot Misses the Net.
6:01 of 2nd period - Slapshot by Eric Knodel.
6:01 of 2nd period - Goal by Eric Knodel - Little Stars : 1 - Rampage : 1.
6:02 of 2nd period - Dana Tyrell wins face-off versus Kyle Rau in neutral zone.
6:15 of 2nd period - Snap shot by Scott Kosmachuck.
6:15 of 2nd period - Stopped by Laurent Brossoit without a rebound.
6:16 of 2nd period - Martin Hanzal wins face-off versus Dana Tyrell in Rampage zone.
6:16 of 2nd period - Martin Hanzal is hit by Scott Kosmachuck.
6:32 of 2nd period - Wrist shot by Jesse Joensuu.
6:32 of 2nd period - Shot Misses the Net.
6:48 of 2nd period - Lawson Crouse is hit by Adam Tambellini and loses puck.
7:23 of 2nd period - Slapshot by Thomas Spelling.
7:23 of 2nd period - Shot Blocked by Anton Cederholm.
8:17 of 2nd period - Slapshot by Cameron Darcy.
8:17 of 2nd period - Stopped by Connor Knapp without a rebound.
8:18 of 2nd period - Cameron Darcy wins face-off versus Evgeny Kuznetsov in Little Stars zone.
8:30 of 2nd period - Off-side.
8:31 of 2nd period - Martin Hanzal wins face-off versus Dana Tyrell in neutral zone.
8:46 of 2nd period - Wrist shot by Blake Pietila.
8:46 of 2nd period - Shot Misses the Net.
8:58 of 2nd period - Kyle Rau is hit by Adam Tambellini and loses puck.
9:20 of 2nd period - Snap shot by Joakim Nygard.
9:20 of 2nd period - Stopped by Laurent Brossoit with a rebound.
9:26 of 2nd period - Slapshot by Joakim Nygard.
9:26 of 2nd period - Stopped by Laurent Brossoit with a rebound.
9:50 of 2nd period - Snap shot by Zach Budish.
9:50 of 2nd period - Stopped by Laurent Brossoit with a rebound.
9:52 of 2nd period - Slapshot by Patrick Wiercioch.
9:52 of 2nd period - Shot Blocked by Anton Lindholm.
10:55 of 2nd period - Snap shot by Joe Morrow.
10:55 of 2nd period - Shot Blocked by Eric Knodel.
11:37 of 2nd period - Reece Willcox is hit by Alexandre Grenier and loses puck.
11:52 of 2nd period - Slapshot by Jeffrey Foss.
11:52 of 2nd period - Goal by Jeffrey Foss - Little Stars : 1 - Rampage : 2.
11:53 of 2nd period - Max Friberg wins face-off versus Scott Kosmachuck in neutral zone.
11:55 of 2nd period - Damon Severson is hit by Patrick Wiercioch and loses puck.
12:02 of 2nd period - Slapshot by Tyler Wotherspoon.
12:02 of 2nd period - Stopped by Laurent Brossoit with a rebound.
12:04 of 2nd period - Slapshot by Patrick Wiercioch.
12:04 of 2nd period - Shot Blocked by Michael Stone.
12:20 of 2nd period - Evgeny Kuznetsov is hit by Damon Severson.
12:38 of 2nd period - Anton Karlsson is hit by Sebastian Wannstrom and loses puck.
12:58 of 2nd period - Slapshot by Jamie Oleksiak.
12:58 of 2nd period - Shot Misses the Net.
13:00 of 2nd period - Snap shot by Victor Olofsson.
13:00 of 2nd period - Stopped by Connor Knapp with a rebound.
13:02 of 2nd period - Slapshot by Jamie Oleksiak.
13:02 of 2nd period - Shot Misses the Net.
13:04 of 2nd period - Slapshot by Jamie Oleksiak.
13:04 of 2nd period - Deflect By Tucker Poolman.
13:04 of 2nd period - Goal by Jamie Oleksiak - Little Stars : 1 - Rampage : 3.
13:05 of 2nd period - Alexandre Grenier wins face-off versus Dana Tyrell in neutral zone.
13:58 of 2nd period - Wrist shot by Thomas Spelling.
13:58 of 2nd period - Stopped by Connor Knapp without a rebound.
13:59 of 2nd period - Cameron Darcy wins face-off versus Dana Tyrell in Little Stars zone.
14:00 of 2nd period - Slapshot by Thomas Spelling.
14:00 of 2nd period - Shot Misses the Net.
14:06 of 2nd period - Damon Severson is hit by Scott Kosmachuck and loses puck.
14:37 of 2nd period - Slapshot by Blake Pietila.
14:37 of 2nd period - Stopped by Connor Knapp with a rebound.
14:49 of 2nd period - Slapshot by Tyler Wotherspoon.
14:49 of 2nd period - Deflect By Lawson Crouse.
14:49 of 2nd period - Stopped by Laurent Brossoit with a rebound.
14:51 of 2nd period - Snap shot by Joakim Nygard.
14:51 of 2nd period - Stopped by Laurent Brossoit with a rebound.
14:53 of 2nd period - Snap shot by Joakim Nygard.
14:53 of 2nd period - Shot Misses the Net.
14:55 of 2nd period - Snap shot by Tyler Wotherspoon.
14:55 of 2nd period - Stopped by Laurent Brossoit with a rebound.
14:57 of 2nd period - Slapshot by Sebastian Wannstrom.
14:57 of 2nd period - Goal by Sebastian Wannstrom - Little Stars : 2 - Rampage : 3.
14:58 of 2nd period - Dana Tyrell wins face-off versus Martin Hanzal in neutral zone.
15:08 of 2nd period - Minor Penalty to Martin Hanzal for Holding.
15:09 of 2nd period - Victor Olofsson wins face-off versus Dana Tyrell in Rampage zone.
15:17 of 2nd period - Dana Tyrell is hit by Michael Stone and loses puck.
15:34 of 2nd period - Ilya Mikheyev is hit by Damon Severson.
15:38 of 2nd period - Slapshot by Tyler Wotherspoon.
15:38 of 2nd period - Deflect By Michael Stone.
15:38 of 2nd period - Stopped by Laurent Brossoit without a rebound.
15:39 of 2nd period - Victor Olofsson wins face-off versus Evgeny Kuznetsov in Rampage zone.
16:00 of 2nd period - Wrist shot by Evgeny Kuznetsov.
16:00 of 2nd period - Deflect By Adam Tambellini.
16:00 of 2nd period - Stopped by Laurent Brossoit without a rebound.
16:01 of 2nd period - Blake Pietila wins face-off versus Dana Tyrell in Rampage zone.
17:08 of 2nd period - Penalty to Martin Hanzal is over, Martin Hanzal is back on ice.
17:16 of 2nd period - Slapshot by Sebastian Wannstrom.
17:16 of 2nd period - Stopped by Laurent Brossoit without a rebound.
17:17 of 2nd period - Daniel O'regan wins face-off versus Cameron Darcy in Rampage zone.
19:21 of 2nd period - Wrist shot by Dana Tyrell.
19:21 of 2nd period - Shot Misses the Net.
19:23 of 2nd period - Snap shot by Scott Kosmachuck.
19:23 of 2nd period - Stopped by Laurent Brossoit without a rebound.
19:24 of 2nd period - Kyle Rau wins face-off versus Dana Tyrell in Rampage zone.
19:24 of 2nd period - Kyle Rau is hit by Tucker Poolman.
19:46 of 2nd period - Lawson Crouse is hit by Dana Tyrell and loses puck.
Goals for this period are 2 for Little Stars vs 2 for Rampage.
Shots for this period are 19 for Little Stars vs 7 for Rampage.
3rd period
0:01 of 3rd period - Martin Hanzal wins face-off versus Jesse Joensuu in neutral zone.
0:04 of 3rd period - Scott Kosmachuck is hit by Alexandre Grenier and loses puck.
0:15 of 3rd period - Slapshot by Blake Pietila.
0:15 of 3rd period - Stopped by Connor Knapp without a rebound.
0:16 of 3rd period - Ilya Mikheyev wins face-off versus Kyle Rau in Little Stars zone.
0:16 of 3rd period - Ilya Mikheyev is hit by Kyle Rau.
0:21 of 3rd period - Ilya Mikheyev is hit by Michael Stone and loses puck.
0:29 of 3rd period - Slapshot by Michael Stone.
0:29 of 3rd period - Shot Blocked by Patrick Wiercioch.
0:31 of 3rd period - Snap shot by Kyle Rau.
0:31 of 3rd period - Shot Blocked by Patrick Wiercioch.
0:43 of 3rd period - Icing by Adam Tambellini.
0:44 of 3rd period - Cameron Darcy wins face-off versus Evgeny Kuznetsov in Little Stars zone.
0:55 of 3rd period - Slapshot by Thomas Spelling.
0:55 of 3rd period - Shot Misses the Net.
0:57 of 3rd period - Snap shot by Anton Karlsson.
0:57 of 3rd period - Shot Misses the Net.
1:17 of 3rd period - Snap shot by Dana Tyrell.
1:17 of 3rd period - Deflect By Scott Kosmachuck.
1:17 of 3rd period - Shot Blocked by Martin Hanzal.
1:17 of 3rd period - Puck is out of play.
1:18 of 3rd period - Dana Tyrell wins face-off versus Kyle Rau in Rampage zone.
1:33 of 3rd period - Wrist shot by Kyle Rau.
1:33 of 3rd period - Stopped by Connor Knapp with a rebound.
3:10 of 3rd period - Wrist shot by Joakim Nygard.
3:10 of 3rd period - Shot Blocked by Alexandre Grenier.
3:24 of 3rd period - Wrist shot by Evgeny Kuznetsov.
3:24 of 3rd period - Shot Misses the Net.
3:26 of 3rd period - Wrist shot by Adam Tambellini.
3:26 of 3rd period - Shot Misses the Net.
3:28 of 3rd period - Wrist shot by Tucker Poolman.
3:28 of 3rd period - Stopped by Laurent Brossoit with a rebound.
3:30 of 3rd period - Wrist shot by Adam Tambellini.
3:30 of 3rd period - Stopped by Laurent Brossoit without a rebound.
3:31 of 3rd period - Kyle Rau wins face-off versus Dana Tyrell in Rampage zone.
3:52 of 3rd period - Minor Penalty to Scott Kosmachuck for Tripping.
3:53 of 3rd period - Jesse Joensuu wins face-off versus Martin Hanzal in Little Stars zone.
4:02 of 3rd period - Slapshot by Michael Stone.
4:02 of 3rd period - Shot Misses the Net.
4:04 of 3rd period - Slapshot by Michael Stone.
4:04 of 3rd period - Stopped by Connor Knapp with a rebound.
4:06 of 3rd period - Slapshot by Blake Pietila.
4:06 of 3rd period - Shot Misses the Net.
4:08 of 3rd period - Slapshot by Michael Stone.
4:08 of 3rd period - Deflect By Alexandre Grenier.
4:08 of 3rd period - Shot Misses the Net.
4:08 of 3rd period - Puck is out of play.
4:09 of 3rd period - Martin Hanzal wins face-off versus Dana Tyrell in Little Stars zone.
4:30 of 3rd period - Blake Pietila is hit by Dana Tyrell and loses puck.
4:47 of 3rd period - Snap shot by Blake Pietila.
4:47 of 3rd period - Deflect By Martin Hanzal.
4:47 of 3rd period - Stopped by Connor Knapp with a rebound.
4:49 of 3rd period - Snap shot by Blake Pietila.
4:49 of 3rd period - Goal by Blake Pietila - Little Stars : 2 - Rampage : 4.
4:50 of 3rd period - Dana Tyrell wins face-off versus Kyle Rau in neutral zone.
5:36 of 3rd period - Damon Severson is hit by Sebastian Wannstrom.
6:17 of 3rd period - Icing by Michael Stone.
6:18 of 3rd period - Kyle Rau wins face-off versus Dana Tyrell in Rampage zone.
6:53 of 3rd period - Minor Penalty to Ilya Mikheyev for Roughing.
6:54 of 3rd period - Dana Tyrell wins face-off versus Martin Hanzal in Little Stars zone.
7:04 of 3rd period - Off-side.
7:05 of 3rd period - Martin Hanzal wins face-off versus Dana Tyrell in neutral zone.
7:08 of 3rd period - Tyler Wotherspoon is hit by Martin Hanzal.
8:53 of 3rd period - Penalty to Ilya Mikheyev is over, Ilya Mikheyev is back on ice.
9:07 of 3rd period - Snap shot by Michael Mersch.
9:07 of 3rd period - Stopped by Laurent Brossoit without a rebound.
9:08 of 3rd period - Evgeny Kuznetsov wins face-off versus Cameron Darcy in Rampage zone.
9:41 of 3rd period - Double Minor Penalty to Fredrik Olofsson for Roughing.
9:42 of 3rd period - Dana Tyrell wins face-off versus Martin Hanzal in Rampage zone.
9:46 of 3rd period - Slapshot by Jesse Joensuu.
9:46 of 3rd period - Goal by Jesse Joensuu - Little Stars : 3 - Rampage : 4.
9:47 of 3rd period - Martin Hanzal wins face-off versus Dana Tyrell in neutral zone.
10:41 of 3rd period - Snap shot by Evgeny Kuznetsov.
10:41 of 3rd period - Stopped by Laurent Brossoit with a rebound.
10:43 of 3rd period - Wrist shot by Ilya Mikheyev.
10:43 of 3rd period - Goal by Ilya Mikheyev - Little Stars : 4 - Rampage : 4.
10:44 of 3rd period - Kyle Rau wins face-off versus Dana Tyrell in neutral zone.
10:57 of 3rd period - Jesse Joensuu is hit by Lawson Crouse and loses puck.
11:09 of 3rd period - Icing by Dana Tyrell.
11:10 of 3rd period - Dana Tyrell wins face-off versus Martin Hanzal in Little Stars zone.
11:10 of 3rd period - Dana Tyrell is hit by Blake Pietila.
11:26 of 3rd period - Snap shot by Blake Pietila.
11:26 of 3rd period - Goal by Blake Pietila - Little Stars : 4 - Rampage : 5.
11:27 of 3rd period - Martin Hanzal wins face-off versus Dana Tyrell in neutral zone.
11:35 of 3rd period - Minor Penalty to Michael Stone for Hooking.
11:36 of 3rd period - Blake Pietila wins face-off versus Dana Tyrell in Rampage zone.
11:49 of 3rd period - Wrist shot by Dana Tyrell.
11:49 of 3rd period - Stopped by Laurent Brossoit with a rebound.
13:19 of 3rd period - Jeffrey Foss is hit by Adam Tambellini and loses puck.
13:35 of 3rd period - Penalty to Michael Stone is over, Michael Stone is back on ice.
13:58 of 3rd period - Michael Mersch is hit by Michael Stone and loses puck.
14:13 of 3rd period - Sebastian Wannstrom is hit by Anton Karlsson and loses puck.
15:04 of 3rd period - Slapshot by Kyle Rau.
15:04 of 3rd period - Stopped by Connor Knapp with a rebound.
15:06 of 3rd period - Snap shot by Kyle Rau.
15:06 of 3rd period - Shot Misses the Net.
15:42 of 3rd period - Daniel O'regan is hit by Joe Morrow and loses puck.
15:53 of 3rd period - Jamie Oleksiak is hit by Dana Tyrell and loses puck.
16:00 of 3rd period - Anton Cederholm is hit by Fredrik Olofsson and loses puck.
16:33 of 3rd period - Minor Penalty to Joe Morrow for Tripping.
16:34 of 3rd period - Dana Tyrell wins face-off versus Martin Hanzal in Rampage zone.
16:35 of 3rd period - Slapshot by Scott Kosmachuck.
16:35 of 3rd period - Deflect By Blake Pietila.
16:35 of 3rd period - Shot Blocked by Damon Severson.
16:35 of 3rd period - Puck is out of play.
16:36 of 3rd period - Dana Tyrell wins face-off versus Martin Hanzal in Rampage zone.
16:43 of 3rd period - Backhand shot by Dana Tyrell.
16:43 of 3rd period - Shot Misses the Net.
17:44 of 3rd period - Martin Hanzal is hit by Anton Cederholm and loses puck.
18:33 of 3rd period - Penalty to Joe Morrow is over, Joe Morrow is back on ice.
18:43 of 3rd period - Slapshot by Jamie Oleksiak.
18:43 of 3rd period - Shot Blocked by Reece Willcox.
18:45 of 3rd period - Snap shot by Jamie Oleksiak.
18:45 of 3rd period - Stopped by Connor Knapp without a rebound.
18:46 of 3rd period - Claude Julien call a timeout for Little Stars.
18:46 of 3rd period - Dana Tyrell wins face-off versus Martin Hanzal in Little Stars zone.
18:51 of 3rd period - Little Stars, Connor Knapp is pulled from the net.
19:47 of 3rd period - Slapshot by Martin Hanzal.
19:47 of 3rd period - Shot Misses the Net.
Goals for this period are 2 for Little Stars vs 2 for Rampage.
Shots for this period are 7 for Little Stars vs 8 for Rampage.
Output by the SimonT Hockey Simulator (STHS) for Francois Prevost